 Dungeon Crawl Stone Soup version 0.25.1-2-g60ff931df9 (webtiles) character file.

Game seed: 7228185113360093319

291983 Revguard the Phalangite (level 20, 0/131 HPs)
             Began as a Merfolk Gladiator on Aug 3, 2020.
             Was an Initiate of Gozag.
             Splashed by an acid blob's acid (12 damage)
             ... on level 4 of the Pits of Slime.
             The game lasted 02:12:17 (43213 turns).

Revguard the Phalangite (Merfolk Gladiator)        Turns: 43213, Time: 02:12:18

Health: 0/131      AC: 30    Str: 23    XL:     20   Next: 79%
Magic:  28/28      EV: 18    Int: 10    God:    Gozag
Gold:   7535       SH:  0    Dex: 27    Spells: 21/21 levels left

rFire    + + +     SeeInvis .   j - +13 lance "Wyrmbane" {slay drac, rPois rF+ rC+ AC+3}
rCold    + + .     Gourm    .   B - +1 kite shield {reflect}
rNeg     + . .     Faith    .   b - +9 scales of the Dragon King {rPois rF+ rC+ MR+}
rPois    +         Spirit   .   a - +2 helmet
rElec    .         Reflect  +   F - +2 ratskin cloak {+Rats rPois rN+ Str-1 Int-1 Dex+1}
rCorr    .         Harm     .   y - +2 pair of gloves "Cuni" {Int+2 Stlth+}
MR       +++..     Rnd*Rage +   z - +0 pair of boots of Inference {MR+} Stlth ..........Rnd*Tele +
                                L - amulet "Vugutye" {Acrobat Str+8 Dex+5}
HPRegen  0.31/turn              t - ring of Queffare {rF+ EV+4 Slay+3}
MPRegen  0.21/turn              J - ring of poison resistance

@: confused, corroded, very slightly contaminated, invisible
A: change form in water, swift swim, stealthy swim, fangs 1, slimy green scales
1, yellow scales 1, berserk 1, clever 1, frail 2, low mp 1, teleportitis 1, weak
1
}: 2/15 runes: decaying, gossamer
a: Potion Petition, Call Merchant, Bribe Branch, Renounce Religion, Evoke
Ratskin


You were on level 4 of the Pits of Slime.
You worshipped Gozag.
Gozag was greatly pleased with you.
You were hungry.

You visited 8 branches of the dungeon, and saw 39 of its levels.
You visited the Abyss 1 time.
You also visited: Ice Cave.

You collected 16350 gold pieces.
You spent 5659 gold pieces at shops.
You paid 3156 gold pieces to Gozag.

Inventory:

Hand Weapons
 j - the +13 lance "Wyrmbane" (weapon) {slay drac, rPois rF+ rC+ AC+3}
   (You bought it in a shop on level 5 of the Dungeon)

   It affects your AC (+3).
   It protects you from fire.
   It protects you from cold.
   It protects you from poison.
Missiles
 V - a throwing net (quivered)
Armour
 a - a +2 helmet (worn)
 b - the +9 scales of the Dragon King (worn) {rPois rF+ rC+ MR+}
   (You bought it in a shop on level 7 of the Dungeon)

   It protects you from fire.
   It protects you from cold.
   It protects you from poison.
   It affects your resistance to hostile enchantments.
 y - the +2 pair of gloves "Cuni" (worn) {Int+2 Stlth+}
   (You found it on level 11 of the Dungeon)

   It affects your intelligence (+2).
   It makes you more stealthy.
 z - the +0 pair of boots of Inference (worn) {MR+}
   (You found it on level 4 of the Dungeon)

   It affects your resistance to hostile enchantments.
 B - a +1 kite shield of reflection (worn)
 F - the +2 ratskin cloak (worn) {+Rats rPois rN+ Str-1 Int-1 Dex+1}
   (You found it on level 6 of the Dungeon)

   It affects your strength (-1).
   It affects your intelligence (-1).
   It affects your dexterity (+1).
   It protects you from poison.
   It protects you from negative energy.
 Y - the +2 shadow dragon scales of Jeum {Str+6 Stlth++++}
   (You found it in an ice cave)

   It affects your strength (+6).
   It makes you much more stealthy.
Jewellery
 t - the ring of Queffare (left hand) {rF+ EV+4 Slay+3}
   (You bought it in a shop on level 2 of the Orcish Mines)

   [ring of evasion]

   It affects your evasion (+4).
   It affects your accuracy and damage with ranged weapons and melee attacks
   (+3).
   It protects you from fire.
 J - a ring of poison resistance (right hand)
 L - the amulet "Vugutye" (around neck) {Acrobat Str+8 Dex+5}
   (You acquired it on level 1 of the Spider Nest)

   [amulet of the acrobat]

   It helps you evade while moving and waiting.
   It affects your strength (+8).
   It affects your dexterity (+5).
 U - an uncursed ring of flight
Wands
 k - a wand of iceblast (29)
 o - a wand of flame (82)
 v - a wand of disintegration (32)
 H - a wand of acid (32)
 M - a wand of digging (8)
 Q - a wand of enslavement (16)
 T - a wand of paralysis (34)
Scrolls
 c - 3 scrolls of enchant weapon
 i - 6 scrolls of fear
 l - 4 scrolls of brand weapon {unknown}
 n - 4 scrolls of identify
 p - 4 scrolls of blinking
 q - 3 scrolls of amnesia
 D - a scroll of acquirement
 E - a scroll of magic mapping
 I - 2 scrolls of summoning
 O - 10 scrolls of teleportation
 R - 8 scrolls of remove curse
 S - a scroll of silence
 W - 3 scrolls of fog
Potions
 g - 5 potions of stabbing
 h - 6 potions of might
 r - 3 potions of cancellation
 s - 2 potions of magic
 w - 5 potions of haste
 x - 3 potions of flight
 A - 8 potions of brilliance
 C - 13 potions of curing
 G - 2 potions of berserk rage
 K - 2 potions of resistance
 Z - 4 potions of ambrosia
Miscellaneous
 d - a phial of floods
 m - a lightning rod (4/4)
 N - a tin of tremorstones (2/3)
Comestibles
 f - 28 rations


   Skills:
 + Level 16.1 Fighting
 + Level 22.0 Polearms
 + Level 2.0 Throwing
 * Level 12.0 Armour
 + Level 13.4 Dodging
 + Level 12.7 Stealth
 + Level 13.7 Shields
 + Level 1.2 Spellcasting
 * Level 15.3 Evocations


You had 21 spell levels left.
You didn't know any spells.
Your spell library contained the following spells:

 Spells                   Type           Power        Failure   Level  Hunger
 Apportation              Tloc           #.....       100%        1    ##.....
 Beastly Appendage        Tmut           #.....       100%        1    ##.....
 Infusion                 Chrm           #...         100%        1    ##.....
 Magic Dart               Conj           #...         100%        1    ##.....
 Shock                    Conj/Air       #...         100%        1    ##.....
 Summon Butterflies       Summ           #.......     100%        1    ##.....
 Summon Small Mammal      Summ           #...         100%        1    ##.....
 Blink                    Tloc           N/A          100%        2    ###....
 Call Imp                 Summ           #.......     100%        2    ###....
 Shroud of Golubria       Chrm/Tloc      #.....       100%        2    ###....
 Slow                     Hex            #.......     100%        2    ###....
 Song of Slaying          Chrm           #.......     100%        2    ###....
 Sticks to Snakes         Tmut           #.......     100%        2    ###....
 Swiftness                Chrm/Air       #.......     100%        2    ###....
 Call Canine Familiar     Summ           #.......     100%        3    ####...
 Conjure Flame            Conj/Fire      #.......     100%        3    ####...
 Lesser Beckoning         Tloc           #.........   100%        3    ####...
 Mephitic Cloud           Conj/Pois/Air  #.......     100%        3    ####...
 Ozocubu's Armour         Chrm/Ice       #.......     100%        3    ####...
 Recall                   Summ/Tloc      N/A          100%        3    ####...
 Spectral Weapon          Hex/Chrm       #.......     100%        3    ####...
 Spider Form              Tmut/Pois      #.........   100%        3    ####...
 Static Discharge         Conj/Air       #.......     100%        3    ####...
 Summon Guardian Golem    Hex/Summ       #.......     100%        3    ####...
 Tukima's Dance           Hex            #.......     100%        3    ####...
 Airstrike                Air            #.........   100%        4    #####..
 Animate Dead             Necr           N/A          100%        4    #####..
 Cause Fear               Hex            #.........   100%        4    #####..
 Ice Form                 Ice/Tmut       #.......     100%        4    #####..
 Leda's Liquefaction      Hex/Erth       #.........   100%        4    #####..
 Summon Ice Beast         Ice/Summ       #.......     100%        4    #####..
 Summon Lightning Spire   Summ/Air       #.......     100%        4    #####..
 Alistair's Intoxication  Tmut/Pois      #.......     100%        5    ######.
 Blade Hands              Tmut           #.........   100%        5    ######.
 Bolt of Magma            Conj/Fire/Erth #.........   100%        5    ######.
 Borgnjor's Vile Clutch   Necr/Erth      #.........   100%        5    ######.
 Irradiate                Conj/Tmut      #.........   100%        5    ######.
 Lightning Bolt           Conj/Air       #.........   100%        5    ######.
 Metabolic Englaciation   Hex/Ice        #.........   100%        5    ######.
 Silence                  Hex/Air        #.........   100%        5    ######.
 Yara's Violent Unravell  Hex/Tmut       #.........   100%        5    ######.
 Death Channel            Necr           #.........   100%        6    #######
 Freezing Cloud           Conj/Ice/Air   #.........   100%        6    #######
 Hydra Form               Tmut           #.........   100%        6    #######
 Invisibility             Hex            #.......     100%        6    #######
 Iron Shot                Conj/Erth      #.........   100%        6    #######
 Ozocubu's Refrigeration  Ice            #.........   100%        6    #######
 Simulacrum               Ice/Necr       #.........   100%        6    #######
 Statue Form              Tmut/Erth      #........    100%        6    #######
 Dragon Form              Tmut           #.........   100%        7    #######
 Discord                  Hex            #.........   100%        8    #######
 Shatter                  Erth           #.........   100%        9    #######


Dungeon Overview and Level Annotations

Branches:
Dungeon (15/15)            Temple (1/1) D:6            Lair (6/6) D:11
  Swamp (4/4) Lair:3       Spider (4/4) Lair:4        Slime (5/5) Lair:5
    Orc (2/2) D:10            Elf (2/3) Orc:2        Vaults (0/5) D:13
 Depths (0/5) D:15          IceCv (visited)

Altars:
Ashenzari
Cheibriados
Dithmenos
Elyvilon
Fedhas
Gozag
Hepliaklqana
Kikubaaqudgha
Makhleb
Okawaru
Ru
Sif Muna
Trog
Uskayaw
Vehumet
Wu Jian
Xom
Yredelemnul
Zin
The Shining One

Shops:
D:5 }(*(   D:7 [?[[   D:8 !   D:10 (   D:13 [   Orc:2 [(*=

Portals:
Hell: Lair:6

Annotations:
Orc:1 1 runed translucent door, barkas's ghost, journeyman CeMo
Orc:2 TangoThomas's ghost, journeyman TeBe


Innate Abilities, Weirdness & Mutations

You revert to your normal form in water.
You are very nimble and swift while swimming.
You are very stealthy in the water. (Stealth+)
You have very sharp teeth.
You are partially covered in slimy green scales. (AC +2)
You are partially covered in yellow scales. (AC +2)
You tend to lose your temper in combat.
Your mind is acute. (Int +2)
You are very frail. (-20% HP)
Your magical capacity is low. (-10% MP)
You are occasionally teleported next to monsters.
You are weak. (Str -2)


Message History

Blink to where?
Press: ? - help, Dir - move target cursor
As you read the scroll of blinking, it crumbles to dust.
You are confused.
You feel invigorated. The acid blob spits acid at you.
The splash of acid hits you.
* * * LOW HITPOINT WARNING * * *
You are splashed with acid!
* * * LOW HITPOINT WARNING * * *
The acid blob spits acid at you.
The splash of acid hits you but does no damage.
You are splashed with acid!
* * * LOW HITPOINT WARNING * * *
You fade into invisibility!
The acid blob spits acid at you.
The splash of acid hits you but does no damage.
The acid corrodes you!
You are splashed with acid!
You die...
Your body crumbles into a pile of gold.

### ### ## ## ##.###.##.##
##.###..........#
#...#.#......#
#.....#.....#####
##............#.## ##
#................# ##.#
#..........@....##
....##...............# ##
...............####..##.##
.#..#.........J# ##......#
####......>..####.#.#..#
#....##.....##.......#
##....##.....###.....##
###.............###.....#
#........^......##.....##


You could see an acid blob.

Vanquished Creatures
  Dissolution (Slime:3)
  Bai Suzhen (Spider:4)
  Arachne (Spider:4)
  4 acid blobs
  Asterion (Spider:1)
  2 thorn hunters
  A storm dragon (Elf:1)
  4 azure jellies
  Donald (Spider:4)
  Kirke (D:12)
  An orc warlord (Orc:2)
  4 deep elf sorcerers
  5 ghost moths
  A frost giant (IceCv)
  An iron dragon (Elf:1)
  6 emperor scorpions (Spider:4)
  2 entropy weavers
  A very ugly thing (Swamp:4)
  The ghost of Ebobla the Brawler, a journeyman TrBe of Trog (Lair:6)
  2 deep elf demonologists (Elf:1)
  2 spark wasps (Spider:3)
  The ghost of harlaan the Thaumaturge, a journeyman DESu of Sif Muna (Lair:6)
  A deep elf death mage (Elf:1)
  A death ooze (Swamp:4)
  2 green deaths (Swamp:4)
  A fire dragon (Elf:1)
  Josephine (D:11)
  A yaktaur captain (D:15)
  A deep elf high priest (Elf:1)
  Erolcha (D:9)
  2 great orbs of eyes
  17 hydras
  An ice dragon (Elf:1)
  Harold (D:7)
  2 hell beasts (Swamp:4)
  2 shambling mangroves
  7 centaur warriors
  Erica (D:8)
  5 two-headed ogres
  14 alligators
  A death yak (IceCv)
  A queen ant (D:11)
  4 tengu warriors
  2 orc high priests
  Urug (Lair:3)
  Sonja (D:13)
  18 deep elf knights
  A sun demon (Lair:6)
  A sea snake (shapeshifter) (D:13)
  3 unseen horrors
  3 spriggan druids
  A glowing orange brain (Slime:3)
  25 deep elf archers
  11 swamp dragons
  2 wizards
  2 orc sorcerers (Orc:2)
  7 orb spiders
  4 orc knights (Orc:2)
  A wolf spider zombie (D:15)
  2 oklob plants
  55 deep elf magi
  5 moths of wrath
  6 cyclopes
  2 manticores
  16 wolf spiders
  6 shining eyes
  5 elephants (Lair:4)
  21 ugly things
  4 centaur zombies
  Maurice (D:11)
  2 torpor snails
  An ice statue (IceCv)
  A smoke demon (Lair:6)
  5 orange demons
  11 spiny frogs
  4 centaur skeletons
  14 komodo dragons
  4 rime drakes
  2 efreet
  11 demonic crawlers
  A yaktaur (shapeshifter) (Elf:1)
  5 yaktaurs (D:14)
  5 ice devils
  2 tengu conjurers
  16 polar bears
  A queen bee (shapeshifter) (D:8)
  8 tyrant leeches
  A polar bear (shapeshifter) (D:13)
  A queen bee (Lair:2)
  9 trolls
  32 jumping spiders
  6 hornets
  12 blink frogs
  8 dream sheep
  57 slime creatures
  Prince Ribbit (D:8)
  14 bog bodies
  13 hippogriffs
  6 wyverns
  A centaur simulacrum (D:14)
  4 water elementals
  96 redbacks
  A spriggan (shapeshifter) (D:13)
  A tarantella (shapeshifter) (Elf:2)
  4 spriggans (Swamp:3)
  5 wraiths
  52 yaks
  A vampire (D:15)
  30 tarantellas
  7 hogs
  3 humans
  A hungry ghost (D:14)
  2 basilisks
  4 shadows
  2 fire elementals (Elf:1)
  14 vampire mosquitoes
  4 insubstantial wisps (Swamp:2)
  Menkaure (D:5)
  11 swamp worms
  6 wargs
  16 soldier ants
  An acid dragon (D:15)
  17 water moccasins
  6 porcupines
  5 hell hounds (Lair:6)
  3 large abominations (Swamp:4)
  2 hornet zombies
  8 swamp drakes
  21 orc warriors
  5 sky beasts
  A small abomination (Swamp:4)
  4 eyes of draining
  4 black bears
  4 ice beasts
  A necrophage (D:11)
  2 phantoms
  11 ogres
  36 wolves
  14 centaurs
  23 crocodiles
  4 big kobolds
  21 bullfrogs
  2 earth elementals (Elf:2)
  2 wyvern zombies
  5 scorpions
  24 killer bees
  13 wights
  2 electric eels
  3 howler monkeys
  5 crimson imps
  A quasit (D:6)
  3 bullfrog zombies
  7 hounds
  16 jellies
  5 orc priests
  12 orc wizards
  Crazy Yiuf (D:2)
  A gnoll shaman (Orc:1)
  An iron imp (D:7)
  5 bullfrog skeletons
  3 iguanas
  36 worker ants
  5 hell rats
  A hound zombie (D:8)
  A worker ant zombie (D:11)
  Robin (D:3)
  11 gnolls
  13 river rats
  14 adders
  5 shadow imps
  An ooze (Lair:5)
  An adder zombie (D:5)
  2 adder skeletons
  A leopard gecko (D:5)
  76 orcs
  10 bats
  6 giant cockroaches
  13 goblins
  9 hobgoblins
  3 jackals (D:5)
  14 kobolds
  8 quokkas
  3 ball pythons
  4 frilled lizards
  A leopard gecko zombie (D:6)
  26 rats
  6 briar patches
  2 fungi
  2 plants
1415 creatures vanquished.

Vanquished Creatures (collateral kills)
  An orc warlord (Orc:2)
  An orc high priest (Orc:2)
  An orc sorcerer (Orc:2)
  4 orc warriors (Orc:2)
  2 orc wizards (Orc:2)
  An orc (Orc:2)
  2 kobolds (D:13)
12 creatures vanquished.

Vanquished Creatures (others)
  26 dancing weapons
  An orc high priest (Orc:2)
  An orc sorcerer (Orc:2)
  A demonic crawler (Spider:3)
  A troll (Orc:2)
  An air elemental (Elf:1)
  A tarantella (Spider:3)
  5 orc warriors (Orc:2)
  3 ogres (Orc:2)
  2 bullfrogs (D:7)
  A worker ant (D:7)
  9 orcs
  A hobgoblin (D:3)
  A quokka (D:7)
  A ball python (D:7)
  9 fungi (Orc:2)
  3 plants
67 creatures vanquished.

Grand Total: 1494 creatures vanquished

Notes
Turn   | Place    | Note
-------+----------+-------------------------------------------
     0 | D:1      | Revguard the Merfolk Gladiator began the quest for the Orb.
     0 | D:1      | Reached XP level 1. HP: 16/16 MP: 1/1
   465 | D:1      | Reached XP level 2. HP: 22/22 MP: 2/2
  1235 | D:2      | Reached XP level 3. HP: 25/27 MP: 4/4
  1294 | D:2      | Found an ornate altar of the Wu Jian Council.
  1380 | D:2      | Reached skill level 1 in Armour
  1574 | D:2      | Reached skill level 1 in Spellcasting
  1603 | D:2      | You fall into a shaft and drop 1 floor!
  1769 | D:2      | Found a runed translucent door.
  1770 | D:2      | Noticed Crazy Yiuf
  1782 | D:2      | Killed Crazy Yiuf
  1782 | D:2      | Reached skill level 5 in Polearms
  1782 | D:2      | Reached XP level 4. HP: 22/33 MP: 5/5
  2261 | D:3      | Noticed Robin
  2290 | D:3      | Reached XP level 5. HP: 39/39 MP: 6/6
  2299 | D:3      | Killed Robin
  2300 | D:3      | Reached skill level 5 in Dodging
  2783 | D:4      | Noticed an ogre
  2803 | D:4      | Killed an ogre
  2803 | D:4      | Reached skill level 1 in Stealth
  2803 | D:4      | Reached skill level 1 in Evocations
  2803 | D:4      | Reached XP level 6. HP: 45/46 MP: 7/7
  2830 | D:4      | Reached skill level 6 in Polearms
  3228 | D:4      | Reached XP level 7. HP: 35/51 MP: 8/8
  3387 | D:4      | Got a pair of fading boots
  3398 | D:4      | Identified the +0 pair of boots of Inference {MR+} (You
                  | found it on level 4 of the Dungeon)
  3405 | D:4      | Found a sacrificial altar of Ru.
  3582 | D:4      | Reached skill level 7 in Polearms
  3700 | D:5      | Entered Level 5 of the Dungeon
  4029 | D:5      | Noticed Menkaure
  4052 | D:5      | Killed Menkaure
  4052 | D:5      | Reached skill level 8 in Polearms
  4052 | D:5      | Reached XP level 8. HP: 18/58 MP: 10/10
  4722 | D:5      | Found Untuag's Weapon Shop.
  4724 | D:5      | Found Mebbypef's Antique Weapon Shop.
  4724 | D:5      | Found Bugyin's Assorted Antiques.
  4725 | D:5      | Found Hycutyuh's Gadget Shop.
  4786 | D:5      | Bought a wand of disintegration (15) for 92 gold pieces
  5067 | D:6      | Found a staircase to the Ecumenical Temple.
  5087 | D:6      | Reached skill level 9 in Polearms
  5093 | Temple   | Entered the Ecumenical Temple
  5100 | Temple   | Became a worshipper of Gozag Ym Sagoz the Greedy
  5218 | D:6      | Got a dazzling leather armour
  5229 | D:6      | Identified the +2 leather armour "Zoobou" {rC- rN+++
                  | Regen+} (You found it on level 6 of the Dungeon)
  5393 | D:6      | Found a white marble altar of Elyvilon.
  5573 | D:6      | Reached skill level 10 in Polearms
  5573 | D:6      | Reached XP level 9. HP: 66/66 MP: 12/12
  5646 | D:6      | Found an iron altar of Okawaru.
  5646 | D:6      | Found a glowing silver altar of Zin.
  5817 | D:6      | Found the +2 ratskin cloak {+Rats rPois rN+ Str-1 Int-1
                  | Dex+1}
  6196 | D:7      | Found Ukacaeb's Antique Armour Boutique.
  6254 | D:7      | Found a shimmering altar of Xom.
  6272 | D:7      | Found Uxkalom's Armour Boutique.
  6400 | D:7      | Found Liorub's Magic Scroll Emporium.
  6435 | D:7      | Found a snail-covered altar of Cheibriados.
  6439 | D:7      | Noticed Harold
  6476 | D:7      | HP: 3/66 [Harold/+0 flail (15)]
  6478 | D:7      | HP: 1/66 [Harold/+0 flail (3)]
  6481 | D:7      | Killed Harold
  6481 | D:7      | Reached skill level 5 in Fighting
  6481 | D:7      | Reached skill level 11 in Polearms
  6481 | D:7      | Reached skill level 5 in Evocations
  6736 | D:7      | Reached XP level 10. HP: 56/74 MP: 13/13
  6765 | D:7      | Reached skill level 12 in Polearms
  6909 | D:7      | Found a blossoming altar of Fedhas.
  6994 | D:7      | Found a shimmering altar of Xom.
  7155 | D:7      | Found Divyoph's Armour Emporium.
  7184 | D:8      | Noticed Erica
  7205 | D:8      | Killed Erica
  7331 | D:8      | Noticed a black mamba
  7332 | D:8      | Noticed a tengu warrior
  7342 | D:8      | Killed a tengu warrior
  7347 | D:8      | a black mamba changed into a queen bee
  7375 | D:8      | Reached skill level 5 in Armour
  7382 | D:8      | Reached skill level 13 in Polearms
  7382 | D:8      | Reached skill level 5 in Stealth
  7537 | D:8      | Found Kuluk's Distillery.
  7583 | D:8      | Bought a potion of curing for 45 gold pieces
  7583 | D:8      | Bought 2 potions of heal wounds for 150 gold pieces
  7583 | D:8      | Bought a potion of heal wounds for 75 gold pieces
  7670 | D:8      | Reached XP level 11. HP: 83/83 MP: 15/15
  7874 | D:8      | Noticed Prince Ribbit
  7887 | D:8      | Killed Prince Ribbit
  9308 | D:9      | Reached skill level 14 in Polearms
  9546 | D:9      | Noticed Erolcha
  9554 | D:9      | Killed Erolcha
  9684 | D:10     | Entered Level 10 of the Dungeon
  9684 | D:10     | Found a staircase to the Orcish Mines.
  9687 | D:10     | Noticed a two-headed ogre
  9702 | D:10     | Killed a two-headed ogre
  9755 | D:10     | Found Kafove Ykoj's Weapon Shop.
  9821 | D:10     | Killed an unseen horror
  9941 | D:10     | Identified a scroll of acquirement
  9941 | D:10     | Acquired 880 gold pieces
 10191 | D:10     | Noticed a two-headed ogre
 10203 | D:10     | Killed a two-headed ogre
 10233 | D:10     | Got a scorched leather armour
 10234 | D:10     | Identified the +1 leather armour of Optimism {*Contam Harm
                  | rElec} (You found it on level 10 of the Dungeon)
 10418 | D:5      | Bought the +8 lance "Wyrmbane" {slay drac, rPois rF+ rC+
                  | AC+3} for 2424 gold pieces
 10418 | D:5      | Found the +8 lance "Wyrmbane" {slay drac, rPois rF+ rC+
                  | AC+3}
 10694 | D:11     | Reached skill level 15 in Polearms
 10694 | D:11     | Reached XP level 12. HP: 92/92 MP: 17/17
 10723 | D:11     | Found a staircase to the Lair.
 10943 | D:11     | Got a pair of fine gloves
 10954 | D:11     | Identified the +2 pair of gloves "Cuni" {Int+2 Stlth+} (You
                  | found it on level 11 of the Dungeon)
 10959 | D:11     | Noticed a four-headed hydra
 10979 | D:11     | Killed a four-headed hydra
 10979 | D:11     | Reached skill level 10 in Dodging
 11070 | D:11     | Noticed a queen ant
 11293 | D:11     | Killed a queen ant
 11489 | D:11     | Noticed Maurice
 11506 | D:11     | Killed Maurice
 11922 | D:11     | Noticed Josephine
 11943 | D:11     | Killed Josephine
 12545 | D:12     | Reached skill level 16 in Polearms
 12545 | D:12     | Reached XP level 13. HP: 101/101 MP: 19/19
 12657 | D:12     | Noticed Kirke
 12663 | D:12     | Noticed a sphinx
 12663 | D:12     | Killed Kirke
 13028 | D:13     | Found a gate to the Vaults.
 13202 | D:13     | Noticed Sonja
 13213 | D:13     | Cast into level 2 of the Abyss (Sonja)
 13243 | D:13     | Escaped the Abyss
 13326 | D:13     | Killed Sonja
 13326 | D:13     | Reached skill level 10 in Fighting
 13444 | D:13     | Found Ziweyt's Antique Armour Emporium.
 14174 | D:14     | Reached XP level 14. HP: 92/111 MP: 21/21
 14530 | D:14     | Gained mutation: Your flesh is cold resistant. (rC+)
                  | [potion of mutation]
 14530 | D:14     | Gained mutation: You are partially covered in slimy green
                  | scales. (AC +2) [potion of mutation]
 14530 | D:14     | Gained mutation: You have very sharp teeth. [potion of
                  | mutation]
 14533 | D:15     | Entered Level 15 of the Dungeon
 14634 | D:15     | Reached skill level 10 in Evocations
 14673 | D:15     | Reached skill level 17 in Polearms
 14965 | D:15     | Reached skill level 1 in Shields
 14969 | D:15     | Found a staircase to the Depths.
 15221 | D:15     | Reached skill level 10 in Stealth
 15925 | Orc:1    | Entered Level 1 of the Orcish Mines
 16116 | Orc:1    | Found a runed translucent door.
 16116 | Orc:1    | Found a shimmering altar of Xom.
 16117 | Orc:1    | Noticed barkas's ghost (journeyman CeMo)
 16449 | Orc:2    | Entered Level 2 of the Orcish Mines
 16449 | Orc:2    | Found a transporter.
 16449 | Orc:2    | Found a burning altar of Makhleb.
 16452 | Orc:2    | Identified the +6 great sword "Werahyz" {venom, Dex+4}
 16459 | Orc:2    | Found a transporter.
 16541 | Orc:2    | Found a frozen archway.
 16590 | IceCv    | Entered an ice cave
 17062 | IceCv    | Reached XP level 15. HP: 117/119 MP: 23/23
 17176 | IceCv    | Reached skill level 5 in Shields
 17241 | IceCv    | Noticed a frost giant
 17268 | IceCv    | Killed a frost giant
 17343 | IceCv    | Got twisted shadow dragon scales
 17355 | IceCv    | Identified the +2 shadow dragon scales of Jeum {Str+6
                  | Stlth++++} (You found it in an ice cave)
 17635 | Orc:2    | Found Istrueh's General Store.
 17636 | Orc:2    | Noticed an orc warlord
 17674 | Orc:2    | Killed an orc warlord
 17892 | Orc:2    | Found a staircase to the Elven Halls.
 17985 | Orc:2    | Found Dodikhla's Antique Weapon Shop.
 18155 | Orc:2    | Found a bloodstained altar of Trog.
 18162 | Orc:2    | Noticed TangoThomas's ghost (journeyman TeBe)
 18217 | Orc:2    | Got a scintillating platinum amulet
 18347 | Orc:2    | Noticed an orc warlord
 18379 | Orc:2    | Found Gickezan's Antique Armour Shoppe.
 18463 | Orc:2    | Found Junneix's Jewellery Shop.
 18471 | Orc:2    | Bought the ring of Queffare {rF+ EV+4 Slay+3} for 1001 gold
                  | pieces
 18476 | Orc:2    | Identified the amulet of Qerhezox {RegenMP rC+ Str+4 Dex+2}
                  | (You found it on level 2 of the Orcish Mines)
 18660 | Elf:1    | Entered Level 1 of the Elven Halls
 18686 | Elf:1    | Reached skill level 18 in Polearms
 19114 | Elf:1    | Noticed a deep elf sorcerer
 19133 | Elf:1    | Killed a deep elf sorcerer
 19141 | Elf:1    | Killed a ghostly deep elf sorcerer
 19859 | Elf:1    | Reached XP level 16. HP: 101/127 MP: 24/24
 19886 | Elf:1    | Found a runed translucent gate.
 19886 | Elf:1    | Found a runed translucent gate.
 19886 | Elf:1    | Found a runed translucent gate.
 19886 | Elf:1    | Found a runed translucent gate.
 19886 | Elf:1    | Found a runed translucent gate.
 19896 | Elf:1    | Found a runed translucent gate.
 19898 | Elf:1    | Noticed a storm dragon
 20350 | Elf:1    | Killed a storm dragon
 21472 | Elf:2    | Gained mutation: You are frail. (-10% HP) [a neqoxec]
 21481 | Elf:2    | Gained mutation: You tend to lose your temper in combat. [a
                  | neqoxec]
 21582 | Elf:2    | Reached skill level 19 in Polearms
 21943 | Elf:2    | Found an ancient bone altar of Kikubaaqudgha.
 22082 | Elf:2    | Found a huge runed translucent gate.
 22082 | Elf:2    | Found a huge runed translucent gate.
 22082 | Elf:2    | Found a huge runed translucent gate.
 22082 | Elf:2    | Found a huge runed translucent gate.
 22103 | Elf:2    | Found a huge runed translucent gate.
 22236 | Elf:2    | Reached XP level 17. HP: 122/122 MP: 26/26
 22557 | Elf:2    | Reached skill level 10 in Shields
 23840 | D:7      | Bought the +9 scales of the Dragon King {rPois rF+ rC+ MR+}
                  | for 1872 gold pieces
 23840 | D:7      | Found the +9 scales of the Dragon King {rPois rF+ rC+ MR+}
 24033 | Lair:1   | Entered Level 1 of the Lair of Beasts
 24519 | Lair:1   | Lost mutation: You tend to lose your temper in combat.
                  | [potion of mutation]
 24519 | Lair:1   | Lost mutation: You are frail. (-10% HP) [potion of
                  | mutation]
 24519 | Lair:1   | Gained mutation: Your mind is acute. (Int +2) [potion of
                  | mutation]
 24519 | Lair:1   | Gained mutation: You are partially covered in yellow
                  | scales. (AC +2) [potion of mutation]
 24519 | Lair:1   | Gained mutation: Your mind is very acute. (Int +4) [potion
                  | of mutation]
 25842 | Lair:3   | Noticed Urug
 25854 | Lair:3   | Killed Urug
 26589 | Lair:3   | Found a staircase to the Swamp.
 26877 | Lair:4   | Found a hole to the Spider Nest.
 28400 | Lair:5   | Found a staircase to the Slime Pits.
 28867 | Lair:5   | Reached XP level 18. HP: 146/146 MP: 27/27
 29009 | Lair:6   | Entered Level 6 of the Lair of Beasts
 29148 | Lair:6   | Reached skill level 20 in Polearms
 29691 | Lair:6   | Found a runed translucent gate.
 29691 | Lair:6   | Found a runed translucent gate.
 29691 | Lair:6   | Found a runed translucent gate.
 29697 | Lair:6   | Noticed Ebobla's ghost (journeyman TrBe)
 29698 | Lair:6   | Noticed harlaan's ghost (journeyman DESu)
 29715 | Lair:6   | Killed Ebobla's ghost
 29724 | Lair:6   | Killed harlaan's ghost
 29882 | Lair:6   | Reached skill level 10 in Armour
 29887 | Lair:6   | Found a burning altar of Makhleb.
 29940 | Lair:6   | Found a gateway to Hell.
 30353 | Spider:1 | Entered Level 1 of the Spider Nest
 30448 | Spider:1 | Acquired the amulet "Vugutye" {Acrobat Str+8 Dex+5}
 30629 | Spider:1 | Identified the +1 kite shield "Fuxaifapt" {+Blink rElec
                  | Int+4}
 30629 | Spider:1 | Noticed Asterion
 30656 | Spider:1 | Killed Asterion
 33335 | Spider:4 | Entered Level 4 of the Spider Nest
 33612 | Spider:4 | Reached XP level 19. HP: 82/154 MP: 29/29
 34164 | Spider:4 | Reached skill level 15 in Fighting
 34789 | Spider:4 | Got a gossamer rune of Zot
 34889 | Spider:4 | Noticed Donald
 34907 | Spider:4 | Killed Donald
 34907 | Spider:4 | Reached skill level 21 in Polearms
 34970 | Spider:4 | Noticed Bai Suzhen
 34971 | Spider:4 | Noticed Arachne
 34989 | Spider:4 | Killed Bai Suzhen
 34997 | Spider:4 | Killed Arachne
 35394 | Swamp:1  | Entered Level 1 of the Swamp
 37781 | Swamp:4  | Entered Level 4 of the Swamp
 37985 | Swamp:4  | Reached XP level 20. HP: 163/163 MP: 31/31
 38623 | Swamp:4  | Got a decaying rune of Zot
 38699 | Swamp:4  | Reached skill level 15 in Evocations
 39118 | Slime:1  | Entered Level 1 of the Pits of Slime
 39551 | Slime:2  | Gained mutation: You are frail. (-10% HP) [a shining eye]
 39614 | Slime:2  | Gained mutation: You have supernaturally acute eyesight.
                  | (SInv) [a shining eye]
 39617 | Slime:2  | Lost mutation: You are frail. (-10% HP) [a shining eye]
 39619 | Slime:2  | Lost mutation: Your mind is very acute. (Int +4) [a shining
                  | eye]
 40512 | Slime:3  | Noticed Dissolution
 40527 | Slime:3  | Gained mutation: You tend to lose your temper in combat. [a
                  | shining eye]
 40537 | Slime:3  | Gained mutation: You are occasionally teleported next to
                  | monsters. [a shining eye]
 40991 | Slime:3  | Killed Dissolution
 40991 | Slime:3  | Reached skill level 22 in Polearms
 41161 | Slime:3  | Gained mutation: You are weak. (Str -2) [a shining eye]
 43130 | Slime:5  | Entered Level 5 of the Pits of Slime
 43135 | Slime:5  | Gained mutation: You are frail. (-10% HP) [a shining eye]
 43139 | Slime:5  | Gained mutation: Your magical capacity is low. (-10% MP) [a
                  | shining eye]
 43165 | Slime:5  | Lost mutation: You have supernaturally acute eyesight.
                  | (SInv) [a shining eye]
 43168 | Slime:5  | Lost mutation: Your flesh is cold resistant. (rC+) [a
                  | shining eye]
 43173 | Slime:5  | Gained mutation: You are very frail. (-20% HP) [a shining
                  | eye]
 43213 | Slime:4  | Splashed by an acid blob's acid

Illustrated notes

Levels and vault maps discovered:
D:1:      dpeg_arrival_tiny_j, layout_basic, amethyst_killhole
D:2:      layout_basic, overflow_temple_1_default, uniq_crazy_yiuf_cottage
D:3:      layout_rooms, uniq_robin
D:4:      layout_gridville, nicolae_ru_great_annihilating_truth
D:5:      layout_loops_ring, first_ration, minmay_shop_grid_forest,
          minivault_19, minmay_misc_feat_room, minivault_1,
          guppyfry_early_lair_pool, uniq_menkaure
D:6:      wander_guarded_unrand_ratskin, layout_basic, elyvilon_altar_5,
          gammafunk_temple_overflow_elements, temple_statues
D:7:      layout_loops_ring, xom_confusion_cloud, marbit_many_paths,
          slow_altar_1, basic_altar, serial_shops, nicolae_shop_waterfront,
          nicolae_shop_stone, nicolae_shop_stone, shop, grunt_livestock,
          uniq_harold
D:8:      minmay_the_grid_octo_triangle [minmay_the_grid_octo_odd_swirl,
          minmay_the_grid_octo_prize_big_c, minmay_the_grid_octo_chip],
          layout_layer_cave, serial_shops, shop_coins, minmay_radiant,
          uniq_erica, uniq_prince_ribbit1
D:9:      layout_loops_cross, special_room [special_room_orc], uniq_erolcha
D:10:     layout_roguey, minmay_orc_entry_guard_dogs, serial_shops,
          nicolae_shop_crystal
D:11:     layout_loops_ring, dpeg_oklobed_lair, zaba_anthell, uniq_maurice,
          uniq_josephine
D:12:     layout_roguey, uniq_kirke
D:13:     layout_long_grid, david_vaults_2, serial_shops, shop, uniq_sonja
D:14:     layout_cave_pools, serial_park_square1 [serial_park_minivault_5x5_8],
          serial_bayou_lagoon_b
D:15:     grunt_enter_depths_snipers, layout_loops_ring, nrook_mini_vaults
Temple:   eino_temple_lava
Lair:1:   layout_cave_shapes, cheibrodos_lair_caveside_slide, nzn_random_ring,
          infiniplex_staircase_pool_2, minmay_lair_oklob_chamber,
          serial_bayou_shore_b
Lair:2:   layout_misc_corridors, special_room [special_room_bee], minmay_holes,
          chequers_serial_rivers_room_a
Lair:3:   layout_regular_city, nicolae_swamp_entry_splash_gauntlet, uniq_urug
Lair:4:   layout_cave_pods, spider_nest_entry_a, kennysheep_abandoned_house
Lair:5:   layout_cave_pods, minmay_slime_entry_jelly_boxes
Lair:6:   evil_forest, layout_gridlike, gammafunk_ghost_cemetery,
          grunt_forest_small_clearing_treed, grunt_megastairs_1
Swamp:1:  layout_falls_marsh, serial_swamp_ruin, evilmike_swamp_ruin_house_5,
          evilmike_swamp_ruin_house_2, swamp_pool1,
          nicolae_swamp_very_dense_foliage
Swamp:2:  layout_basic_swamp, hangedman_swamp_cone
Swamp:3:  layout_basic_swamp, evilmike_swamp_ruin_house_1, swamp_pool3,
          infiniplex_staircase_pool
Swamp:4:  swamp_vile, layout_basic_swamp
Spider:1: layout_spider_delve, guppyfry_spider_mini_1, uniq_asterion
Spider:2: layout_spider_delve
Spider:3: layout_spider_delve
Spider:4: grunt_spider_rune_circles, uniq_arachne, uniq_bai_suzhen, uniq_donald
Slime:1:  cheibrodos_slime_lost_civilization_3, layout_caves
Slime:2:  layout_caves
Slime:3:  layout_caves, cheibrodos_slime_lost_civilization_7, uniq_dissolution
Slime:4:  layout_caves
Slime:5
Orc:1:    layout_caves, ebering_ghost_xom, nicolae_orc_crystal_geode
Orc:2:    grunt_orc_gardens, layout_diamond_mine, grunt_orc_garden,
          grunt_orc_garden, grunt_orc_garden, grunt_orc_garden,
          portal_ice_cave_demonic_guard, gammafunk_ghost_wrathful_warriors,
          bloody_makhleb
Elf:1:    eino_elf_arrival_shootout, layout_onion_city, orc_legates
Elf:2:    layout_onion_city, basic_altar

Skill      XL: |  1  2  3  4  5  6  7  8  9 10 11 12 13 14 15 16 17 18 19 20 |
---------------+-------------------------------------------------------------+-----
Armour         | 1 2 3 4 5 6 7 8 9 10 11 12 | 12.0
Spellcasting   | 1 |  1.2
Polearms       | 5 6 8 10 11 13 15 16 17 18 19 20 21 22 | 22.0
Dodging        | 5 6 7 8 9 10 11 12 13 | 13.4
Stealth        | 1 2 3 5 6 8 9 10 11 12 | 12.7
Evocations     | 1 2 4 5 6 7 8 9 10 11 12 13 14 15 | 15.3
Fighting       | 3 4 5 6 7 9 10 11 12 13 14 15 16 | 16.1
Shields        | 4 7 9 10 11 12 13 | 13.7
Throwing       | |  2.0

Action                   |  1- 3 |  4- 6 |  7- 9 | 10-12 | 13-15 | 16-18 | 19-21 || total
-------------------------+-------+-------+-------+-------+-------+-------+-------++-------
Melee: Trident           |   103 |   167 |   495 |   313 |       |       |       ||  1078
       Tailslap          |       |       |     8 |     2 |    10 |     1 |   108 ||   129
       Halberd           |       |       |       |   214 |       |       |       ||   214
       Lance             |       |       |       |   487 |  1488 |  1984 |  1232 ||  5191
       Bite              |       |       |       |       |   196 |   370 |   263 ||   829
Invok: Bribe Branch      |       |       |       |       |     1 |       |       ||     1
 Abil: Evoke Ratskin     |       |       |       |     1 |     3 |     3 |       ||     7
Evoke: Wand              |       |       |     6 |     9 |     6 |       |     6 ||    27
       Tin of tremorston |       |       |       |     4 |     9 |     7 |    10 ||    30
       Box of beasts     |       |       |       |       |     2 |       |       ||     2
       Phantom mirror    |       |       |       |       |     1 |       |       ||     1
       Lightning rod     |       |       |       |       |       |       |     2 ||     2
       Phial of floods   |       |       |       |       |       |       |     2 ||     2
  Use: Potion            |     2 |     1 |     1 |     3 |     5 |     3 |     8 ||    23
       Scroll            |       |       |    10 |    17 |    12 |     8 |     6 ||    53
 Stab: Sleeping          |     3 |       |     6 |    17 |    17 |     4 |       ||    47
       Paralysed         |       |       |     2 |       |       |       |       ||     2
       Distracted        |       |       |     2 |     8 |    19 |    32 |     6 ||    67
       Invisible         |       |       |       |    13 |     7 |       |     1 ||    21
       Held in net/web   |       |       |       |       |       |       |     3 ||     3
       Confused          |       |       |       |       |       |       |     1 ||     1
  Eat: Chunk             |     3 |     5 |     3 |       |     2 |       |       ||    13
       Ration            |       |       |     2 |     6 |     7 |    13 |     9 ||    37
Armor: Leather armour    |    23 |    59 |   112 |   178 |   232 |       |       ||   604
       Shadow dragon sca |       |       |       |       |    61 |   109 |       ||   170
       Gold dragon scale |       |       |       |       |       |   470 |   437 ||   907
Dodge: Dodged            |    63 |   130 |   319 |   677 |   852 |   753 |   507 ||  3301
Block: Buckler           |       |       |       |       |   228 |   658 |   138 ||  1024
       Reflection        |       |       |       |       |    18 |    22 |     9 ||    49
       Kite shield       |       |       |       |       |       |       |   413 ||   413
